 Dungeon Crawl Stone Soup version 0.29.1-1-gd02db6906a (webtiles) character file.

Game seed: 1830067115546208222

370 xian the Cudgeller (level 6, 0/59 HPs)
             Began as a Troll Gladiator on Sept 28, 2022.
             Slain by an orc
             ... wielding a +0 war axe
              (9 damage)
             ... on level 4 of the Dungeon.
             The game lasted 00:07:04 (2301 turns).

xian the Cudgeller (Troll Gladiator)                Turns: 2301, Time: 00:07:06

Health: 0/59       AC:  5    Str: 29    XL:     6   Next: 42%
Magic:  5/5        EV: 10    Int:  4    God:
Gold:   171        SH:  0    Dex:  9    Spells: 5/5 levels left

rFire   . . .      SeeInvis .   s - +12 hand axe of Maghiha {drain, Str+4 Dex-2}
rCold   . . .      Faith    .   (no shield)
rNeg    + + .      Spirit   .   b - +0 robe
rPois   .          Reflect  .   c - +0 hat
rElec   .          Harm     .   f - +0 cloak
rCorr   .          Rampage  .   (gloves unavailable)
Will    .....                   (boots unavailable)
Stlth   +.........              (no amulet)
HPRegen 0.99/turn               j - ring of positive energy
MPRegen 0.09/turn               p - ring of positive energy

@: no status effects
A: large, unfitting armour, claws 3, regeneration 1, shaggy fur 1, tough skin 1
a: no special abilities


You were on level 4 of the Dungeon.
You visited 1 branch of the dungeon, and saw 4 of its levels.

You collected 171 gold pieces.

Inventory:

Hand Weapons
 s - the +12 hand axe of Maghiha (weapon) {drain, Str+4 Dex-2}
   (You found it on level 2 of the Dungeon)

   A truly terrible weapon, it drains the life of any living foe it strikes.
   Str:       It affects your strength (+4).
   Dex:       It affects your dexterity (-2).
Missiles
 d - 3 throwing nets
 e - a large rock
 i - 13 poisoned darts
 m - 4 boomerangs (quivered)
Armour
 b - a +0 robe (worn)
 c - a +0 hat (worn)
 f - a +0 cloak (worn)
Jewellery
 j - a ring of positive energy (left claw)
 p - a ring of positive energy (right claw)
Scrolls
 a - a scroll of amnesia {unknown}
 g - a scroll of blinking {unknown}
 k - 2 scrolls of butterflies {unknown}
 l - 3 scrolls of poison {unknown}
 r - a scroll of vulnerability {unknown}
 w - a scroll of enchant armour {unknown}
 y - a scroll of noise {unknown}
Potions
 h - a potion of lignification {unknown}
 n - 2 potions of might {unknown}
 o - a potion of attraction {unknown}
 q - a potion of heal wounds {unknown}
 t - a potion of curing {unknown}
 u - a potion of mutation {unknown}
 v - a potion of degeneration {unknown}
 x - a potion of resistance {unknown}


   Skills:
 + Level 2.6 Fighting
 + Level 1.3(2.7) Axes
 + Level 4.0(4.2) Maces & Flails
 * Level 3.2 Throwing
 + Level 3.5 Dodging
 + Level 0.4 Stealth


You had 5 spell levels left.
You didn't know any spells.
Your spell library contained the following spells:

 Spells                   Type           Power      Damage    Failure   Level
 Ensorcelled Hibernation  Hex/Ice        0%         N/A       65%         2
 Sublimation of Blood     Necr           0%         N/A       65%         2
 Wereblood                Tmut           0%         N/A       65%         2
 Spider Form              Tmut/Pois      0%         N/A       86%         3
 Anguish                  Hex/Necr       0%         N/A       99%         4
 Summon Hydra             Summ           0%         N/A       100%        7


Dungeon Overview and Level Annotations

Branches:
Dungeon (4/15)
 Temple: D:4-7

Altars:

Shops:
D:2 (

Annotations:
D:4 Menkaure


Innate Abilities, Weirdness & Mutations

You are too large for most types of armour.
You have claws for hands.
Your natural rate of healing is unusually fast.
You are covered in fur. (AC +1)
You have tough skin. (AC +1)


Message History

Press: ? - help, Q - select action, (/) - cycle Shift-Dir - straight line, f - orc priest
Aim: an orc priest, wielding a +0 flail and wearing a +0 chain mail (64% to hit)
You throw a boomerang. The orc shouts!
The boomerang hits the orc priest but does no damage.
Throw: 4 boomerangs
Press: ? - help, Q - select action, (/) - cycle Shift-Dir - straight line, f/p - orc priest
Aim: an orc priest, wielding a +0 flail and wearing a +0 chain mail (64% to hit)
You throw a boomerang.
The boomerang closely misses the orc priest.
The orc priest closely misses you.
You closely miss the orc priest.
The orc priest miscasts a cantrip.
You barely miss the orc priest.
You hit the orc priest but do no damage.
You drain the orc priest.
The orc priest is moderately wounded.
You closely miss something.
The orc priest hits you with a +0 flail.
Something hits you.
* * * LOW HITPOINT WARNING * * *
You closely miss the orc priest.
The orc priest is moderately wounded.
You slash something! You hit the goblin.
You kill the goblin!
The orc priest misses you. Something hits you but does no damage.
Unknown command.
You barely miss the orc priest.
The orc priest is moderately wounded.
You closely miss something.
The orc priest invokes the aid of Beogh against you.
Pain shoots through your body!
* * * LOW HITPOINT WARNING * * *
Something hits you but does no damage.
You hear some strange, mumbled words.
A puff of flame appears from out of thin air!
The puff of flame hits you!
* * * LOW HITPOINT WARNING * * *
The orc hits you with a +0 war axe!
You die...

.[.........##.## .
..........<...# ..
####.............#
.....#.........#....#
.........<......ยง..###
..##.#.............g.#
..##.#..........#..#.#
........#))....{##.# g.
..##..###.....o.@.##.#.#
..#............oo........
........#....#.#.###.###.#
).......#......#... # #
#...... .......###.
#.##............ .. . ..
.... #. .. . .... .. .. ..
##


You could see an orc priest (very drained) and 2 orcs.

Vanquished Creatures
  Sigmund (D:4)
  A phantom (D:4)
  A jelly (D:3)
  A hound (D:3)
  An adder (D:2)
  A gnoll (D:4)
  2 worms
  2 dart slugs
  3 orcs
  4 bats
  2 endoplasms (D:1)
  3 giant cockroaches (D:3)
  6 goblins
  5 hobgoblins
  A jackal (D:2)
  A quokka (D:3)
  5 ball pythons
  4 frilled lizards
  4 kobolds
  3 rats
51 creatures vanquished.

Notes
Turn   | Place    | Note
-------+----------+-------------------------------------------
     0 | D:1      | xian the Troll Gladiator began the quest for the Orb.
     0 | D:1      | Reached XP level 1. HP: 19/19 MP: 0/0
     0 | D:1      | Noticed an iron dragon
     0 | D:1      | Noticed an ice dragon
     2 | D:1      | Noticed an iron dragon
     4 | D:1      | Noticed an ice dragon
     7 | D:1      | Noticed a tentacled monstrosity
    11 | D:1      | Noticed a tentacled monstrosity
    19 | D:1      | Noticed a shadow dragon
    21 | D:1      | Noticed an orb of fire
    23 | D:1      | Noticed a tentacled monstrosity
    23 | D:1      | Noticed a tentacled monstrosity
    23 | D:1      | Noticed an ice dragon
    25 | D:1      | Noticed a shadow dragon
    25 | D:1      | Noticed an iron dragon
    25 | D:1      | Noticed a shadow dragon
    27 | D:1      | Noticed an iron dragon
    27 | D:1      | Noticed a tentacled monstrosity
   164 | D:1      | Reached XP level 2. HP: 26/27 MP: 1/1
   165 | D:1      | Reached skill level 3 in Maces & Flails
   954 | D:2      | Reached XP level 3. HP: 33/35 MP: 2/2
  1013 | D:2      | You fall into a shaft and drop 1 floor!
  1341 | D:2      | Identified the +12 hand axe of Maghiha {drain, Str+4 Dex-2}
  1391 | D:2      | Found Mazelux's Antique Weapon Shoppe.
  1978 | D:3      | Found a faded altar of an unknown god.
  2022 | D:3      | Reached XP level 4. HP: 42/42 MP: 3/3
  2229 | D:4      | Noticed Sigmund
  2238 | D:4      | Killed Sigmund
  2239 | D:4      | Reached skill level 1 in Axes
  2239 | D:4      | Reached XP level 5. HP: 47/50 MP: 4/4
  2239 | D:4      | Reached XP level 6. HP: 56/59 MP: 5/5
  2245 | D:4      | Noticed Menkaure
  2250 | D:4      | Reached skill level 4 in Maces & Flails
  2301 | D:4      | Slain by an orc

Illustrated notes

Levels and vault maps discovered:
D:1:      shiori_arrival_whats_in_store_for_you, layout_basic
D:2:      layout_basic, serial_shops, shop, minmay_tromino_v2
D:3:      layout_basic, shapermc_ecumenical_altar_venn
D:4:      layout_cave_pools, mainiacjoe_overflow_swirl, minmay_misc_feat_roman,
          kennysheep_generic_room_9, uniq_robin, uniq_menkaure, uniq_sigmund

Skill      XL: |  1  2  3  4  5  6 |
---------------+-------------------+-----
Maces & Flails | 3 4 |  4.0
Throwing       | 2 3 |  3.2
Fighting       | 2 |  2.6
Dodging        | 3 |  3.5
Axes           | 1 |  1.3
Stealth        | |  0.4

Action                   |  1- 3 |  4- 6 || total
-------------------------+-------+-------++-------
Melee: Flail             |   119 |       ||   119
       Hand axe          |    16 |    19 ||    35
       Punch             |     1 |       ||     1
Throw: Stone             |    12 |       ||    12
       Boomerang         |     6 |    11 ||    17
       Throwing net      |     1 |       ||     1
Armor: Robe              |    91 |     8 ||    99
Dodge: Dodged            |   125 |    11 ||   136
